 Dungeon Crawl Stone Soup version 0.28-b1-25-g9875b3fc8c (webtiles) character file.

Game seed: 12940067002108821046

4 sanka the Magician (level 1, -2/11 HPs)
             Began as a Deep Elf Transmuter on Feb 8, 2022.
             Slain by a goblin (4 damage)
             ... on level 1 of the Dungeon.
             The game lasted 00:00:07 (76 turns).

sanka the Magician (Deep Elf Transmuter)              Turns: 76, Time: 00:00:08

Health: -2/11      AC:  2    Str:  7    XL:     1   Next: 50%
Magic:  6/7        EV: 12    Int: 17    God:
Gold:   9          SH:  0    Dex: 15    Spells: 6/7 levels left

rFire   . . .      SeeInvis .     - Unarmed
rCold   . . .      Faith    .   (no shield)
rNeg    . . .      Spirit   .   a - +0 robe
rPois   .          Reflect  .   (helmet currently unavailable)
rElec   .          Harm     .   (no cloak)
rCorr   .          Rampage  .   (no gloves)
Will    .....                   (boots currently unavailable)
Stlth   +.........              (no amulet)
HPRegen 0.03/turn               (no ring)
MPRegen 0.10/turn               (no ring)

@: appendages (expiring)
A: horns 2, talons 2
a: End Transformation


You were on level 1 of the Dungeon.
You had temporarily grown beastly horns and talons.
You visited 1 branch of the dungeon, and saw 1 of its levels.

You collected 9 gold pieces.

Inventory:

Armour
 a - a +0 robe (worn)


   Skills:
 - Level 0.7 Fighting
 - Level 2.4 Dodging
 - Level 2.4 Unarmed Combat
 + Level 3.5 Spellcasting
 - Level 2.1 Transmutations


You had 6 spell levels left.
You knew the following spells:

 Your Spells              Type           Power      Damage    Failure   Level
a - Beastly Appendage     Tmut           20%        N/A       7%          1

Your spell library contained the following spells:

 Spells                   Type           Power      Damage    Failure   Level
 Wereblood                Tmut           10%        N/A       11%         2
 Spider Form              Tmut/Pois      6%         N/A       32%         3
 Ice Form                 Ice/Tmut       6%         N/A       71%         4


Dungeon Overview and Level Annotations

Branches:
Dungeon (1/15)

Altars:


Innate Abilities, Weirdness & Mutations

You have temporarily grown beastly horns and talons.


Message History

The goblin barely misses you.
You barely miss the goblin. Your kick misses the goblin.
A ball python comes into view.
The goblin closely misses you.
You closely miss the goblin. You headbutt the goblin.
You kill the goblin!
The ball python misses you. The ball python grabs you.
The ball python constricts you.
Things that are here:
a +0 dagger; a goblin corpse You escape the ball python's grasp.
The ball python bites you but does no damage.
The ball python barely misses you.
You closely miss the ball python.
Your transformation is almost over.
The ball python bites you. The ball python grabs you.
The ball python constricts you.
You closely miss the ball python. The ball python bites you.
The ball python constricts you.
You hit the ball python but do no damage.
The ball python bites you. The ball python constricts you.
You hit the ball python.
The ball python is severely wounded.
The ball python misses you. The ball python constricts you.
A goblin comes into view. It is wielding a +0 club.
The ball python bites you.
* * * LOW HITPOINT WARNING * * *
The ball python constricts you.
* * * LOW HITPOINT WARNING * * *
You closely miss the ball python.
The goblin shouts!
You claw the ball python.
You kill the ball python!
Unknown command.
You hit the goblin but do no damage. The goblin barely misses you.
You closely miss the goblin. Your kick misses the goblin.
The goblin barely misses you.
Unknown command.
You closely miss the goblin. The goblin hits you with a +0 club.
You die...

#........... #. #
#........... .#
##. #...........
.# #.#
######'##### #
.#..# ### #.# #
###.#.#.# #.# ##.#
# ........# #.#
##..#####
........# #.#
#........ #@# #.#
#..###### #g# #.#
##.# ##g###.# #.#
##.##......#####.#
#....)...#.....#.#
#..##......###.#.#
#. ##.###.......#
# #.#
#####...###### #..
#.........


You could see 2 goblins.

Vanquished Creatures
  A ball python (D:1)
  A goblin (D:1)
  A hobgoblin (D:1)
3 creatures vanquished.

Notes
Turn   | Place    | Note
-------+----------+-------------------------------------------
     0 | D:1      | sanka the Deep Elf Transmuter began the quest for the Orb.
     0 | D:1      | Reached XP level 1. HP: 11/11 MP: 6/6
    76 | D:1      | Slain by a goblin

Illustrated notes

Levels and vault maps discovered:
D:1:      psy_arrival_statuary, layout_loops_ring

Action                   || total
-------------------------++-------
Melee: Unarmed           ||    12
       Headbutt          ||     2
       Kick              ||     1
 Cast: Beastly Appendage ||     2
Armor: Robe              ||     1
Dodge: Dodged            ||     8
